 Dungeon Crawl Stone Soup version 0.27-a0-631-g2d681adce0 (webtiles) character file.

Game seed: 6098523153330274609

29 night the Ruffian (level 3, -4/35 HPs)
             Began as a Troll Warper on Mar 13, 2021.
             Slain by a large abomination (11 damage)
             ... on level 1 of the Abyss.
             The game lasted 00:02:20 (1006 turns).

night the Ruffian (Troll Warper)                    Turns: 1006, Time: 00:02:21

Health: -4/35      AC:  4    Str: 20    XL:     3   Next: 1%
Magic:  4/4        EV:  9    Int:  9    God:
Gold:   109        SH:  0    Dex:  9    Spells: 4/4 levels left

rFire    . . .     SeeInvis .     - Unarmed
rCold    . . .     Faith    .   (no shield)
rNeg     . . .     Spirit   .   a - +0 robe
rPois    .         Reflect  .   (helmet restricted)
rElec    .         Harm     .   (no cloak)
rCorr    .         Rampage  .   (gloves unavailable)
Will     .....                  (boots unavailable)
Stlth    +.........             (no amulet)
HPRegen  1.11/turn              (no ring)
MPRegen  0.09/turn              (no ring)

@: no status effects
A: large, unfitting armour, claws 3, regeneration 1, shaggy fur 1, tough skin 1
a: no special abilities


You were on level 1 of the Abyss.
You visited 1 branch of the dungeon, and saw 2 of its levels.
You visited the Abyss 1 time.

You collected 109 gold pieces.

Inventory:

Missiles
 d - 5 boomerangs of dispersal (quivered)
 g - 34 sling bullets
 h - 65 stones
Armour
 a - a +0 robe (worn)
Jewellery
 e - a ring of resist corrosion
Scrolls
 b - 3 scrolls of identify {unknown}
 c - a scroll of blinking
 f - 2 scrolls of teleportation {unknown}
 j - a scroll of enchant armour {unknown}
Potions
 i - a potion of haste {unknown}
 k - a potion of brilliance {unknown}
Miscellaneous
 l - a phantom mirror


   Skills:
 + Level 1.9 Fighting
 - Level 0.8 Throwing
 - Level 1.9 Dodging
 * Level 2.7 Unarmed Combat
 + Level 1.4 Spellcasting
 + Level 2.4 Translocations


You had 4 spell levels left.
You didn't know any spells.
Your spell library contained the following spells:

 Spells                   Type           Power      Damage    Failure   Level
 Blink                    Tloc           N/A        N/A       21%         2
 Gell's Gravitas          Tloc           2%         N/A       36%         3
 Lesser Beckoning         Tloc           2%         N/A       36%         3
 Teleport Other           Tloc           4%         N/A       36%         3
 Manifold Assault         Tloc           4%         N/A       78%         4


Dungeon Overview and Level Annotations

Branches:
Dungeon (2/15)

Altars:

Annotations:
D:2 Sigmund


Innate Abilities, Weirdness & Mutations

You are too large for most types of armour.
You have claws for hands.
Your natural rate of healing is unusually fast.
You are covered in fur. (AC +1)
You have tough skin. (AC +1)


Message History

The magic dart hits you. Sigmund casts a spell at you.
You are confused.
You bump into the rock wall.
You bump into the rock wall.
You bump into the rock wall.
You bump into the rock wall.
You bump into the rock wall.
You bump into the rock wall.
Sigmund casts a spell at you. The puff of flame hits you.
You feel less confused.
Sigmund points at you and mumbles some strange words.
You are confused.
Sigmund gestures at himself while chanting.
Sigmund flickers and vanishes!
Deactivating autopickup; reactivate with Ctrl-A.
You bump into the rock wall.
Something hits you!
You are cast into the Abyss!
To return, you must find a gate leading back.
Killing monsters will force the Abyss to allow you passage.
This branch contains the abyssal rune of Zot.
Reactivating autopickup.
You bump into the rock wall.
You feel less confused.
Found a club.
Found a phantom mirror.
You see here a phantom mirror.
l - a phantom mirror A large abomination comes into view.
A large abomination comes into view.
The large abomination moves out of view.
The large abomination hits you!!
Ouch! That really hurt!
* * * LOW HITPOINT WARNING * * *
Found a dagger.
You scratch the large abomination but do no damage.
The large abomination hits you!
You die...

##.....#.#..
#...#.##..#
#####.#..#.
.##..#..#
#...ยง.# #
#.###..#####
#.#.#.##...#.
#...........
#...@#.##...
#.#.X......#
..#.##.#..#.#
##... .##...#
#### .. .#.#
.#. .#. ....
.. #. .. #)


You could see a large abomination.

Vanquished Creatures
  A gnoll (D:1)
  2 dart slugs (D:1)
  A bat (D:1)
  2 giant cockroaches (D:1)
  2 goblins (D:1)
  A hobgoblin (D:1)
  4 kobolds
  A rat (D:2)
14 creatures vanquished.

Notes
Turn   | Place    | Note
-------+----------+-------------------------------------------
     0 | D:1      | night the Troll Warper began the quest for the Orb.
     0 | D:1      | Reached XP level 1. HP: 19/19 MP: 1/1
   120 | D:1      | Reached XP level 2. HP: 28/28 MP: 3/3
   889 | D:2      | Noticed Sigmund
   902 | D:2      | Reached XP level 3. HP: 32/35 MP: 4/4
   934 | D:2      | Cast into level 1 of the Abyss (Sigmund)
   974 | Abyss:1  | Noticed a large abomination
   999 | Abyss:1  | Noticed a large abomination
  1004 | Abyss:1  | HP: 5/35 [large abomination (30)]
  1006 | Abyss:1  | Slain by a large abomination

Illustrated notes

Levels and vault maps discovered:
D:1:      dpeg_arrival_pits, layout_loops_corners, minmay_pentomino_v4
D:2:      minmay_angry_zag, layout_basic, grunt_temple_overflow_opulence,
          solitary_fountain, uniq_robin, uniq_sigmund, uniq_natasha
Abyss:1:  base:
D:1

Action                   || total
-------------------------++-------
Melee: Unarmed           ||    34
Armor: Robe              ||     8
Dodge: Dodged            ||    17

Table legend: (Time is in decaauts)
 A = Elapsed time spent in this place.
 B = Non-inter-level travel time spent in this place.
 C = Inter-level travel time spent in this place.
 D = Time resting spent in this place.
 E = Time spent auto-exploring this place.
 F = Levels seen in this place.
 G = Mean time per level.
                   A        B        C        D        E       F      G
               +--------+--------+--------+--------+--------+-----+--------+
         Total |   1003 |    988 |     15 |      0 |    800 |   3 |  334.3 |
       Dungeon |    932 |    917 |     15 |      0 |    798 |   2 |  466.0 |
         Abyss |     71 |     71 |      0 |      0 |      2 |   1 |   71.0 |
               +--------+--------+--------+--------+--------+-----+--------+

Top non-repeatable levels by time:
     D:1: 880 daAuts
 Abyss:1: 71 daAuts
     D:2: 51 daAuts
